 Dungeon Crawl Stone Soup version 0.29.0-4-gdea44cf6ec (webtiles) character file.

Game seed: 3894483524644988098

5103 qw the Cleaver (level 10, -7/96 HPs)
             Began as a Gargoyle Berserker on Sept 4, 2022.
             Was an Elder of Trog.
             Mangled by Fannar
             ... wielding a staff of cold
              (15 damage)
             ... on level 1 of the Lair of Beasts.
             The game lasted 00:03:16 (9377 turns).

qw the Cleaver (Gargoyle Berserker)                 Turns: 9377, Time: 00:03:17

Health: -7/96      AC: 22    Str: 31    XL:     10   Next: 57%
Magic:  9/9        EV:  9    Int: 12    God:    Trog [****..]
Gold:   529        SH:  8    Dex:  9    Spells: 9/9 levels left

rFire   . . .      SeeInvis .   Y - +1 broad axe (freeze)
rCold   . . .      Faith    .   f - +0 kite shield
rNeg    + . .      Spirit   .   e - +4 scale mail "Sisi" {rElec Will+ Stlth-}
rPois   inf        Reflect  .   r - +0 helmet
rElec   +          Harm     .   d - +0 cloak
rCorr   .          Rampage  .   (no gloves)
Will    +....                   (no boots)
Stlth   ..........              m - amulet of the acrobat
HPRegen 0.26/turn               a - ring "Owkyunav" {AC+4 Int+4}
MPRegen 0.11/turn               l - +6 ring of strength

@: berserking (expiring), very quick
A: sickness immunity, AC +7, negative energy resistance 1, electricity
resistance, torment resistance 1, petrification resistance, deformed body, low
MP 1, mutation resistance 1, subdued magic 1
a: Renounce Religion, Berserk, Trog's Hand, Brothers in Arms


You were on level 1 of the Lair of Beasts.
You worshipped Trog.
Trog was greatly pleased with you.
You visited 2 branches of the dungeon, and saw 9 of its levels.

You collected 529 gold pieces.


Innate Abilities, Weirdness & Mutations

You are immune to sickness and miasma.
Your stone body is resilient. (AC +7)
You are immune to poison.
You resist negative energy. (rN+)
You are resistant to electric shocks. (rElec)
You are resistant to unholy torment.
You are immune to petrification.
Armour fits poorly on your strangely shaped body.
Your magical capacity is low. (-10% MP)
You are somewhat resistant to further mutation.
Your spells are a little easier to cast, but a little less powerful.


   Skills:
 - Level 8.1 Fighting
 - Level 10.8 Axes
 - Level 3.0 Throwing
 - Level 5.0 Armour
 - Level 2.1 Dodging
 + Level 5.4 Shields


You had 9 spell levels left.
You didn't know any spells.
Your spell library was empty.

Inventory:

Hand Weapons
 s - a +0 morningstar
 Y - a +1 broad axe of freezing (weapon)
Missiles
 b - 11 boomerangs (quivered)
Armour
 d - a +0 cloak (worn)
 e - the +4 scale mail "Sisi" (worn) {rElec Will+ Stlth-}
   (You took it off a gnoll on level 7 of the Dungeon)

   rElec:     It insulates you from electricity.
   Will:      It increases your willpower.
   Stlth:     It makes you less stealthy.
 f - a +0 kite shield (worn)
 r - a +0 helmet (worn)
Jewellery
 a - the ring "Owkyunav" (left hand) {AC+4 Int+4}
   (You acquired it on level 1 of the Dungeon)

   [ring of protection]

   AC:        It affects your AC (+4).
   Int:       It affects your intelligence (+4).
 j - a ring of protection from fire
 l - a +6 ring of strength (right hand)
 m - an amulet of the acrobat (around neck)
Scrolls
 h - 2 scrolls of teleportation
 n - 3 scrolls of identify
Potions
 c - a potion of heal wounds
 g - 2 potions of curing
 i - 3 potions of might

Dungeon Overview and Level Annotations

Branches:
Dungeon (8/15)             Temple (0/1) D:7            Lair (1/5) D:8

Altars:
Cheibriados
Hepliaklqana
Kikubaaqudgha
Okawaru
Sif Muna
Vehumet
Xom
Zin

Shops:
D:3 :   D:4 :

Annotations:
D:7 2 transporters, qw's ghost, novice GrBe
Lair:1 1 runed translucent door, Fannar; qw's ghost, novice GrBe


Message History

A red film seems to cover your vision as you go berserk!
You feel yourself moving faster!
You feel mighty!
Fannar mumbles some strange words.
Fannar drains the heat from the surrounding environment!
You hit Fannar.
Fannar is lightly wounded.
Fannar hits you with a staff of cold. Fannar freezes you!
You barely miss Fannar.
Fannar is lightly wounded.
You miss Fannar.
Fannar is lightly wounded.
Fannar hits you but does no damage. Fannar freezes you!
You slice Fannar!!
Fannar is heavily wounded.
Fannar hits you but does no damage. Fannar freezes you!
You slash Fannar!
Fannar is heavily wounded.
You block Fannar's attack.
You miss Fannar.
Fannar is heavily wounded.
You block Fannar's attack.
You miss Fannar.
Fannar is heavily wounded.
You slash Fannar!
Fannar is severely wounded.
Fannar drinks a potion.
Fannar is healed!
You hit Fannar.
Fannar is severely wounded.
Fannar hits you but does no damage. Fannar freezes you.
You slash Fannar!
Fannar is almost dead.
You block Fannar's attack.
You miss Fannar.
Fannar is almost dead.
Fannar hits you but does no damage. Fannar freezes you.
You completely miss Fannar.
Fannar is almost dead.
Fannar says, "You will make a fine ice sculpture."
Fannar hits you but does no damage. Fannar freezes you!
You die...

##.....P# ###.##..#
........####.#.#...#
..............######
##P...........##
##....######..#
#.##.# ##.# ######
#.## ##.## #.@# #e##
#.#. ## .. ... ....
.e... ......


You could see Fannar.

Vanquished Creatures
  Maurice (D:8)
  A cane toad (Lair:1)
  3 blink frogs (Lair:1)
  2 wyverns
  A basilisk (Lair:1)
  Menkaure (D:7)
  A steam dragon (D:8)
  An acid dragon (D:7)
  A water moccasin (D:6)
  2 ice beasts
  3 ogres
  5 kobold brigands
  2 bullfrogs
  A necrophage (D:5)
  5 scorpions
  9 wights
  4 killer bees (D:8)
  6 howler monkeys (D:8)
  3 hounds
  2 jellies
  6 gnoll boudas
  An orc priest (D:6)
  5 iguanas
  An orc wizard (D:6)
  24 gnolls
  7 adders
  2 white imps
  An ufetubus (D:6)
  4 worms
  3 dart slugs
  12 orcs
  6 ball pythons
  10 endoplasms
  A giant cockroach (D:4)
  5 goblins
  8 hobgoblins
  5 jackals
  3 quokkas
  6 bats
  4 frilled lizards
  25 kobolds
  13 rats
206 creatures vanquished.

Vanquished Creatures (others)
  8 fungi (D:8)
  7 plants
15 creatures vanquished.

Grand Total: 221 creatures vanquished

Notes
Turn   | Place    | Note
-------+----------+-------------------------------------------
     0 | D:1      | qw the Gargoyle Berserker began the quest for the Orb.
     0 | D:1      | Reached XP level 1. HP: 14/14 MP: 1/1
     0 | D:1      | 0 ||| qw: Version: 0.1-a-103-gd6f5d3a
     0 | D:1      | 0 ||| qw: Game counter: 5776
     0 | D:1      | 0 ||| qw: Always use a shield: true
     0 | D:1      | 0 ||| qw: Do Orc after D:15 true
     0 | D:1      | 0 ||| qw: Do second Lair branch before Depths: true
     0 | D:1      | 0 ||| qw: Lair rune preference: random
     0 | D:1      | 0 ||| qw: Plans: Normal
     0 | D:1      | 0 ||| PLANNING D:1-11
    11 | D:1      | Noticed a black mamba
    11 | D:1      | Noticed a swamp worm
    11 | D:1      | Noticed a wyvern
    12 | D:1      | Noticed a killer bee
    12 | D:1      | Noticed a snapping turtle
    43 | D:1      | 43 ||| INVOKING Berserk.
    46 | D:1      | Reached skill level 3 in Axes
   235 | D:1      | 235 ||| Stepping ~*~*~tactically~*~*~ (stealth).
   243 | D:1      | Reached XP level 2. HP: 13/19 MP: 2/2
   245 | D:1      | 245 ||| INVOKING Berserk.
   256 | D:1      | HP: 4/19 [rat (2)]
   591 | D:1      | 591 ||| Stepping ~*~*~tactically~*~*~ (stealth).
   799 | D:1      | 799 ||| Stepping ~*~*~tactically~*~*~ (hiding).
   885 | D:1      | 885 ||| Stepping ~*~*~tactically~*~*~ (stealth).
   888 | D:1      | 888 ||| Stepping ~*~*~tactically~*~*~ (stealth).
   893 | D:1      | Reached XP level 3. HP: 23/23 MP: 3/3
  1150 | D:1      | 1150 ||| UPGRADING to +0 leather armour.
  1160 | D:1      | 1160 ||| DROPPING +0 animal skin.
  1161 | D:1      | 1161 ||| UPGRADING to +0 chain mail.
  1171 | D:1      | 1171 ||| DROPPING +0 leather armour.
  1172 | D:1      | 1172 ||| READING scroll labelled BUIVAORURU.
  1172 | D:1      | Identified a scroll of acquirement
  1172 | D:1      | 1172 ||| ACQUIRING ring "Owkyunav" {AC+4 Int+4}
  1172 | D:1      | Acquired the ring "Owkyunav" {AC+4 Int+4}
  1174 | D:1      | 1174 ||| UPGRADING to ring "Owkyunav" {AC+4 Int+4}.
  1175 | D:1      | 1175 ||| READING scroll labelled DOR DATASI.
  1176 | D:1      | 1176 ||| READING scroll labelled FAK ES GARE.
  1277 | D:1      | 1277 ||| READING scroll labelled KUOWISCH RINKE.
  1278 | D:1      | 1278 ||| DRINKING 2 puce potions.
  1279 | D:1      | 1279 ||| DROPPING potion of degeneration.
  1376 | D:2      | Reached ** piety under Trog
  1425 | D:2      | Reached skill level 4 in Axes
  1473 | D:2      | 1473 ||| FLEEEEING.
  1474 | D:2      | 1474 ||| FLEEEEING.
  1475 | D:2      | 1475 ||| FLEEEEING.
  1476 | D:2      | 1476 ||| FLEEEEING.
  1477 | D:2      | 1477 ||| FLEEEEING.
  1478 | D:2      | 1478 ||| FLEEEEING.
  1479 | D:2      | 1479 ||| FLEEEEING.
  1480 | D:2      | 1480 ||| FLEEEEING.
  1481 | D:2      | 1481 ||| FLEEEEING.
  1492 | D:2      | 1492 ||| FLEEEEING.
  1791 | D:2      | 1791 ||| INVOKING Berserk.
  1925 | D:2      | Reached XP level 4. HP: 21/28 MP: 4/4
  2442 | D:2      | 2442 ||| READING scroll labelled LETIRHIRGHO.
  2498 | D:2      | 2498 ||| READING scroll labelled GAMESI OVOFE.
  2582 | D:3      | 2582 ||| SWAPPING to +0 war axe.
  2598 | D:3      | Reached skill level 1 in Throwing
  2598 | D:3      | 2598 ||| DROPPING +1 hand axe.
  2640 | D:3      | Found a faded altar of an unknown god.
  2810 | D:3      | Found a snail-covered altar of Cheibriados.
  2817 | D:3      | Found a shimmering altar of Xom.
  2817 | D:3      | Found an ancient bone altar of Kikubaaqudgha.
  2818 | D:3      | Found a glowing silver altar of Zin.
  2818 | D:3      | Found a shimmering blue altar of Sif Muna.
  2819 | D:3      | Found an iron altar of Okawaru.
  2981 | D:3      | Found Emosches's Book Shop.
  2992 | D:3      | 2992 ||| DROPPING +0 club.
  3145 | D:3      | 3145 ||| UPGRADING to amulet of the acrobat.
  3150 | D:3      | 3150 ||| READING scroll labelled NEL AWNADORAA.
  3151 | D:3      | 3151 ||| DRINKING 2 yellow potions.
  3199 | D:4      | Noticed a scorpion
  3202 | D:4      | Killed a scorpion
  3203 | D:4      | Reached skill level 5 in Axes
  3203 | D:4      | Reached XP level 5. HP: 32/32 MP: 5/5
  3467 | D:4      | Reached XP level 6. HP: 38/38 MP: 6/6
  3470 | D:4      | 3470 ||| Stepping ~*~*~tactically~*~*~ (stealth).
  3471 | D:4      | 3471 ||| Stepping ~*~*~tactically~*~*~ (stealth).
  3472 | D:4      | 3472 ||| Stepping ~*~*~tactically~*~*~ (stealth).
  3486 | D:4      | 3486 ||| READING scroll of acquirement.
  3486 | D:4      | 3486 ||| ACQUIRING +1 broad axe of freezing
  3486 | D:4      | Acquired a +1 broad axe of freezing
  3488 | D:4      | 3488 ||| SWAPPING to +1 broad axe of freezing.
  3489 | D:4      | 3489 ||| DROPPING +0 war axe.
  3646 | D:4      | Found Puut Toi's Book Emporium.
  3920 | D:4      | 3920 ||| Stepping ~*~*~tactically~*~*~ (hiding).
  3921 | D:4      | 3921 ||| Stepping ~*~*~tactically~*~*~ (hiding).
  3922 | D:4      | 3922 ||| INVOKING Berserk.
  3932 | D:4      | Reached *** piety under Trog
  4236 | D:4      | 4236 ||| UPGRADING to +0 cloak.
  4241 | D:4      | 4241 ||| UPGRADING to ring of protection from fire.
  4242 | D:4      | 4242 ||| READING 2 scrolls labelled PYLEAXTALO.
  4245 | D:4      | 4245 ||| DRINKING 2 fuming white potions.
  4246 | D:4      | 4246 ||| DRINKING 3 cyan potions.
  4262 | D:5      | Entered Level 5 of the Dungeon
  4276 | D:5      | Reached skill level 6 in Axes
  4296 | D:5      | Reached skill level 3 in Armour
  4305 | D:5      | Reached XP level 7. HP: 43/43 MP: 7/7
  4315 | D:5      | 4315 ||| INVOKING Berserk.
  4382 | D:5      | 4382 ||| Stepping ~*~*~tactically~*~*~ (stealth).
  4633 | D:5      | Reached skill level 7 in Axes
  4635 | D:5      | 4635 ||| Stepping ~*~*~tactically~*~*~ (stealth).
  4637 | D:5      | 4637 ||| Stepping ~*~*~tactically~*~*~ (stealth).
  4643 | D:5      | 4643 ||| Stepping ~*~*~tactically~*~*~ (stealth).
  4644 | D:5      | 4644 ||| Stepping ~*~*~tactically~*~*~ (stealth).
  4645 | D:5      | 4645 ||| Stepping ~*~*~tactically~*~*~ (stealth).
  4655 | D:5      | 4655 ||| FLEEEEING.
  4656 | D:5      | 4656 ||| FLEEEEING.
  4657 | D:5      | 4657 ||| FLEEEEING.
  4658 | D:5      | 4658 ||| FLEEEEING.
  4659 | D:5      | 4659 ||| FLEEEEING.
  4660 | D:5      | 4660 ||| FLEEEEING.
  4661 | D:5      | 4661 ||| FLEEEEING.
  4662 | D:5      | 4662 ||| FLEEEEING.
  4663 | D:5      | 4663 ||| FLEEEEING.
  4664 | D:5      | 4664 ||| FLEEEEING.
  4665 | D:5      | 4665 ||| FLEEEEING.
  4666 | D:5      | 4666 ||| FLEEEEING.
  4667 | D:5      | 4667 ||| FLEEEEING.
  4668 | D:5      | 4668 ||| FLEEEEING.
  4851 | D:5      | 4851 ||| DROPPING +0 flail.
  4878 | D:5      | 4878 ||| Stepping ~*~*~tactically~*~*~ (hiding).
  4879 | D:5      | 4879 ||| Stepping ~*~*~tactically~*~*~ (hiding).
  4880 | D:5      | 4880 ||| Stepping ~*~*~tactically~*~*~ (hiding).
  4886 | D:5      | Reached XP level 8. HP: 49/49 MP: 8/8
  4928 | D:5      | Found a radiant altar of Vehumet.
  4935 | D:5      | Found a hazy altar of Hepliaklqana.
  4974 | D:5      | 4974 ||| Stepping ~*~*~tactically~*~*~ (stealth).
  4983 | D:5      | 4983 ||| INVOKING Berserk.
  5236 | D:5      | 5236 ||| UPGRADING to +0 helmet.
  5241 | D:5      | 5241 ||| READING 2 scrolls labelled MEONGY UTHYS.
  5389 | D:6      | 5389 ||| INVOKING Berserk.
  5392 | D:6      | Reached skill level 8 in Axes
  5494 | D:6      | 5494 ||| Stepping ~*~*~tactically~*~*~ (stealth).
  5497 | D:6      | 5497 ||| Stepping ~*~*~tactically~*~*~ (stealth).
  5693 | D:6      | 5693 ||| Stepping ~*~*~tactically~*~*~ (hiding).
  5699 | D:6      | 5699 ||| DRINKING 2 potions of curing.
  5699 | D:6      | 5699 ||| (to cure confusion)
  5782 | D:6      | 5782 ||| INVOKING Berserk.
  6049 | D:6      | 6049 ||| INVOKING Berserk.
  6055 | D:6      | Reached skill level 6 in Fighting
  6510 | D:6      | Reached XP level 9. HP: 55/55 MP: 9/9
  6818 | D:6      | 6818 ||| DRINKING 2 black potions.
  6818 | D:6      | Gained mutation: Your flesh is cold resistant. (rC+)
                  | [potion of mutation]
  6818 | D:6      | Gained mutation: Your flesh is very cold resistant. (rC++)
                  | [potion of mutation]
  6818 | D:6      | Gained mutation: Armour fits poorly on your strangely
                  | shaped body. [potion of mutation]
  6819 | D:6      | 6819 ||| DRINKING potion of mutation.
  6819 | D:6      | Lost mutation: Your flesh is very cold resistant. (rC++)
                  | [potion of mutation]
  6819 | D:6      | Lost mutation: Your flesh is cold resistant. (rC+) [potion
                  | of mutation]
  6819 | D:6      | Gained mutation: Your spells are a little easier to cast,
                  | but a little less powerful. [potion of mutation]
  6819 | D:6      | Gained mutation: Your magical capacity is low. (-10% MP)
                  | [potion of mutation]
  6819 | D:6      | Gained mutation: You are somewhat resistant to further
                  | mutation. [potion of mutation]
  6820 | D:6      | 6820 ||| DRINKING 2 metallic silvery potions.
  6843 | D:6      | 6843 ||| DROPPING potion of lignification.
  6877 | D:7      | 6877 ||| INVOKING Berserk.
  6881 | D:7      | Reached skill level 9 in Axes
  6881 | D:7      | Reached **** piety under Trog
  6900 | D:7      | 6900 ||| FLEEEEING.
  6901 | D:7      | 6901 ||| STAIRDANCE
  7036 | D:7      | Identified the +4 scale mail "Sisi" {rElec Will+ Stlth-}
  7038 | D:7      | 7038 ||| Stepping ~*~*~tactically~*~*~ (hiding).
  7045 | D:7      | 7045 ||| INVOKING Berserk.
  7204 | D:7      | Identified the +0 kite shield "Dicw" {Will+ Dex+3 SInv}
  7216 | D:7      | Noticed Menkaure
  7220 | D:7      | 7220 ||| INVOKING Berserk.
  7222 | D:7      | Killed Menkaure
  7287 | D:7      | Found a transporter.
  7293 | D:7      | Found a transporter.
  7315 | D:7      | Noticed qw's ghost (novice GrBe)
  7393 | D:7      | Found a staircase to the Ecumenical Temple.
  7437 | D:7      | 7437 ||| Stepping ~*~*~tactically~*~*~ (hiding).
  7439 | D:7      | 7439 ||| Stepping ~*~*~tactically~*~*~ (hiding).
  7455 | D:7      | 7455 ||| FLEEEEING.
  7456 | D:7      | 7456 ||| FLEEEEING.
  7457 | D:7      | 7457 ||| FLEEEEING.
  7458 | D:7      | 7458 ||| FLEEEEING.
  7459 | D:7      | 7459 ||| FLEEEEING.
  7460 | D:7      | 7460 ||| FLEEEEING.
  7461 | D:7      | 7461 ||| FLEEEEING.
  7462 | D:7      | 7462 ||| FLEEEEING.
  7463 | D:7      | 7463 ||| FLEEEEING.
  7464 | D:7      | 7464 ||| STAIRDANCE
  7501 | D:6      | 7501 ||| UPGRADING to +4 scale mail "Sisi" {rElec Will+
                  | Stlth-}.
  7511 | D:6      | 7511 ||| DROPPING +0 chain mail.
  7512 | D:6      | 7512 ||| READING scroll labelled TYUDUSH TAXAI.
  7513 | D:6      | 7513 ||| READING scroll labelled HUCONN LOSUVEGORO.
  7514 | D:6      | 7514 ||| READING 2 scrolls of identify.
  7514 | D:6      | 7514 ||| IDENTIFYING emerald potion
  7515 | D:6      | 7515 ||| DROPPING potion of magic.
  7525 | D:7      | 7525 ||| STAIRDANCE
  7621 | D:7      | 7621 ||| INVOKING Berserk.
  7632 | D:7      | Reached skill level 10 in Axes
  7902 | D:7      | 7902 ||| READING scroll labelled UCEWAAFFEQUSCH.
  7937 | D:8      | 7937 ||| STAIRDANCE
  7944 | D:8      | 7944 ||| STAIRDANCE
  7997 | D:8      | Noticed Maurice
  8006 | D:8      | Killed Maurice
  8101 | D:8      | Reached skill level 3 in Throwing
  8271 | D:8      | Reached XP level 10. HP: 64/64 MP: 9/9
  8326 | D:8      | 8326 ||| INVOKING Berserk.
  8728 | D:8      | Found a staircase to the Lair.
  8756 | D:8      | 8756 ||| Stepping ~*~*~tactically~*~*~ (stealth).
  8762 | D:8      | 8762 ||| Stepping ~*~*~tactically~*~*~ (stealth).
  8764 | D:8      | 8764 ||| Stepping ~*~*~tactically~*~*~ (stealth).
  8766 | D:8      | 8766 ||| Stepping ~*~*~tactically~*~*~ (stealth).
  8767 | D:8      | 8767 ||| Stepping ~*~*~tactically~*~*~ (stealth).
  8814 | D:8      | 8814 ||| Stepping ~*~*~tactically~*~*~ (stealth).
  8898 | D:8      | 8898 ||| Stepping ~*~*~tactically~*~*~ (stealth).
  8953 | D:8      | 8953 ||| PLANNING LAIR
  8953 | D:8      | 8953 ||| UPGRADING to +0 kite shield.
  8958 | D:8      | 8958 ||| UPGRADING to +6 ring of strength.
  8960 | D:8      | 8960 ||| READING scroll labelled PICYP GAAMM.
  8961 | D:8      | 8961 ||| READING 3 scrolls of identify.
  8961 | D:8      | 8961 ||| IDENTIFYING metallic clear potion
  8962 | D:8      | 8962 ||| DROPPING potion of flight.
  8990 | Lair:1   | Entered Level 1 of the Lair of Beasts
  9006 | Lair:1   | Found a runed translucent door.
  9006 | Lair:1   | Noticed a five-headed hydra
  9006 | Lair:1   | Noticed qw's ghost (novice GrBe)
  9041 | Lair:1   | 9041 ||| INVOKING Berserk.
  9048 | Lair:1   | Reached skill level 1 in Shields
  9062 | Lair:1   | Reached skill level 3 in Shields
  9157 | Lair:1   | Noticed a cane toad
  9159 | Lair:1   | 9159 ||| INVOKING Berserk.
  9166 | Lair:1   | Killed a cane toad
  9352 | Lair:1   | Noticed Fannar
  9353 | Lair:1   | 9353 ||| Stepping ~*~*~tactically~*~*~ (hiding).
  9365 | Lair:1   | 9365 ||| INVOKING Berserk.
  9368 | Lair:1   | HP: 20/96 [Fannar/staff of cold (15)]
  9374 | Lair:1   | HP: 8/96 [Fannar/staff of cold (6)]
  9377 | Lair:1   | Mangled by Fannar

Levels and vault maps discovered:
D:1:      onia_arrival_zoo_common, layout_rooms
D:2:      layout_basic, kennysheep_generic_room_2
D:3:      layout_basic, minitemple, serial_shops, shop,
          dreamdust_ecumenical_altar_hidden_monk_grotto
D:4:      layout_basic, serial_shops, shop, kennysheep_path_1
D:5:      layout_basic, mainiacjoe_overflow_big_doors
D:6:      layout_basic, kennysheep_donut, dreamdust_princess_corridor,
          dreamdust_wishing_well
D:7:      layout_rooms, minmay_temple_entry_glassed_door,
          gammafunk_ghost_gnarly_gnolls, uniq_menkaure
D:8:      layout_loops_ring, dpeg_oklobed_lair, minmay_tree_intersection,
          uniq_maurice
Lair:1:   layout_cave_pods, ebering_ghost_inner_flame, grunt_megastairs_5,
          lemuel_fruit_tree, uniq_fannar

Skill      XL: |  1  2  3  4  5  6  7  8  9 10 |
---------------+-------------------------------+-----
Axes           | 3 4 5 6 7 8 10 | 10.8
Throwing       | 1 2 3 |  3.0
Fighting       | 4 5 6 8 |  8.1
Armour         | 3 4 5 |  5.0
Dodging        | 2 |  2.1
Shields        | 5 |  5.4

Action                   |  1- 3 |  4- 6 |  7- 9 | 10-12 || total
-------------------------+-------+-------+-------+-------++-------
Melee: Hand axe          |   139 |    30 |       |       ||   169
       War axe           |       |    38 |       |       ||    38
       Punch             |       |     1 |     1 |       ||     2
       Broad axe         |       |    29 |   262 |    80 ||   371
Throw: Javelin           |       |    43 |    29 |    10 ||    82
       Boomerang         |       |    19 |    19 |    24 ||    62
Invok: Berserk           |     3 |     1 |     9 |     4 ||    17
  Use: Scroll            |     4 |     5 |     5 |     2 ||    16
       Potion            |     1 |     3 |     4 |       ||     8
Armor: Animal skin       |    26 |       |       |       ||    26
       Chain mail        |    43 |    61 |   119 |       ||   223
       Scale mail        |       |       |    50 |    31 ||    81
Dodge: Dodged            |    71 |    46 |   134 |    17 ||   268
Block: Kite shield       |       |       |       |     9 ||     9

Table legend:
 A = Non-vault XP
 B = Vault XP
 C = Vault XP percentage of total XP
 D = Non-vault monster count
 E = Vault monster count
 F = Vault count percentage of total count
                 A         B        C        D         E       F
            +---------+---------+-------+---------+---------+-------
      Total |    6455 |     835 |  11.5 |     202 |       4 |   1.9
            +---------+---------+-------+---------+---------+-------
        D:1 |      40 |       0 |   0.0 |      24 |       0 |   0.0
        D:2 |      54 |       1 |   1.8 |      25 |       1 |   3.8
        D:3 |      63 |       0 |   0.0 |      18 |       0 |   0.0
        D:4 |     313 |       0 |   0.0 |      18 |       0 |   0.0
        D:5 |     881 |       0 |   0.0 |      33 |       0 |   0.0
        D:6 |    1003 |       0 |   0.0 |      26 |       0 |   0.0
        D:7 |    1287 |     172 |  11.8 |      32 |       1 |   3.0
        D:8 |    1355 |     469 |  25.7 |      20 |       1 |   4.8
     Lair:1 |    1459 |     193 |  11.7 |       6 |       1 |  14.3
            +---------+---------+-------+---------+---------+-------
